 Dungeon Crawl Stone Soup version 0.30-a0-1114-gd936c97349 (webtiles) character file.

Game seed: 16628561252120126094

212 tsouns the Firebug (level 5, -3/31 HPs)
             Began as a Deep Elf Cinder Acolyte on Apr 20, 2023.
             Was a High Priest of Ignis.
             Slain by a gnoll
             ... wielding a +0 flail
              (13 damage)
             ... on level 2 of the Dungeon.
             The game lasted 00:03:54 (1830 turns).

tsouns the Firebug (Deep Elf Cinder Acolyte)        Turns: 1830, Time: 00:03:55

Health: -3/31      AC:  2    Str: 11    XL:     5   Next: 58%
Magic:  7/14       EV: 11    Int: 21    God:    Ignis [*****.]
Gold:   38         SH:  0    Dex: 10    Spells: 12/14 levels left

rFire   + . .      SeeInvis .    f - +2 dagger (venom)
rCold   . . .      Faith    .    (no shield)
rNeg    . . .      Spirit   .    b - +0 robe
rPois   .          Reflect  .    (no helmet)
rElec   .          Rampage  .    (no cloak)
rCorr   .                        (no gloves)
Will    .....                    (no boots)
Stlth   +                        (no amulet)
HPRegen 0.25/turn                (no ring)
MPRegen 0.14/turn                (no ring)

@: no status effects
A: no striking features
a: Renounce Religion, Fiery Armour, Foxfire Swarm, Rising Flame


You were on level 2 of the Dungeon.
You worshipped Ignis.
Ignis was extremely pleased with you.
You visited 1 branch of the dungeon, and saw 2 of its levels.

You collected 38 gold pieces.

Inventory:

Hand Weapons
 a - a -1 falchion of flaming
 f - a +2 dagger of venom (weapon)
Missiles
 q - 4 curare-tipped darts (quivered)
Armour
 b - a +0 robe (worn)
Wands
 i - a wand of polymorph (5)
Scrolls
 c - 3 scrolls of identify {unknown}
 h - a scroll of enchant weapon {unknown}
 l - a scroll of amnesia {unknown}
 m - a scroll of magic mapping {unknown}
 n - a scroll of vulnerability {unknown}
 o - a scroll of teleportation {unknown}
 p - a scroll of immolation {unknown}
Potions
 d - 2 potions of curing {unknown}
 e - a potion of flight {unknown}
 g - a potion of degeneration {unknown}
 j - a potion of ambrosia {unknown}
 k - a potion of lignification {unknown}


   Skills:
 - Level 2.4 Fighting
 - Level 2.6 Long Blades
 + Level 5.3 Spellcasting
 + Level 5.4 Fire Magic


You had 12 spell levels left.
You knew the following spells:

 Your Spells              Type           Power      Damage    Failure   Level
a - Scorch                Fire           56%        2d7       1%          2

Your spell library contained the following spells:

 Spells                   Type           Power      Damage    Failure   Level


Dungeon Overview and Level Annotations

Branches:
Dungeon (2/15)

Altars:


Message History

You see here a +0 robe.
Casting: Scorch (safe; 1% risk of failure)
Confirm with . or Enter, or press ? or * to list all spells.
You can't see any susceptible monsters within range! (Use Z to cast anyway.)
The gnoll shouts!
You hear an angry hiss.
A ball python comes into view.
Casting: Scorch (safe; 1% risk of failure)
Confirm with . or Enter, or press ? or * to list all spells.
Flames lash the gnoll.
The gnoll is moderately wounded.
The gnoll's fire resistance burns away.
A giant cockroach comes into view.
Unknown command.
Casting: Scorch (safe; 1% risk of failure)
Confirm with . or Enter, or press ? or * to list all spells.
Flames lash the giant cockroach.
You kill the giant cockroach!
The gnoll barely misses you.
Unknown command.
Unknown command.
You see here a +0 robe.
Casting: Scorch (safe; 1% risk of failure)
Confirm with . or Enter, or press ? or * to list all spells.
Flames lash the ball python.
You kill the ball python!
A dart slug comes into view.
Unknown command.
Casting: Scorch (safe; 1% risk of failure)
Confirm with . or Enter, or press ? or * to list all spells.
Flames lash the gnoll.
The gnoll is burned terribly!
The gnoll is severely wounded.
The gnoll barely misses you.
Unknown command.
You hit the gnoll.
The gnoll is almost dead.
The gnoll hits you with a +0 flail! The gnoll attacks as you move away!
The gnoll hits you with a +0 flail! The gnoll attacks as you move away!
The gnoll barely misses you. The gnoll attacks as you move away!
The gnoll hits you with a +0 flail!
You die...

.......##.....
.......##...# ####
.......##..# #†.##
...........# ...#
.......##..# #..# #
#########†.## ##.# .#
.....# ##..####w[#..#
.....# ##.....g...#
.....# ####..@####
.....## ##.###
......##### #...#
.####..>..#######.##
#.....PPP.PPPPPPPPP#####
#######
#.##.#P.........P.P....#
#......
#.##.#PPPPP.PPP.P.P..#.#
#......
#<##........P...P...##.##
#......
..##.#PPPPPPP.PPP.P###..#
#......


You could see a gnoll (combustible) and a dart slug.

Vanquished Creatures
  Sigmund (D:2)
  A gnoll (D:1)
  An adder (D:2)
  2 worms (D:2)
  2 dart slugs (D:1)
  An endoplasm (D:2)
  6 giant cockroaches
  3 goblins
  A hobgoblin (D:1)
  A quokka (D:1)
  2 ball pythons
  3 bats (D:1)
  6 frilled lizards
  5 kobolds
  3 rats
38 creatures vanquished.

Vanquished Creatures (others)
  16 foxfires (D:2)
16 creatures vanquished.

Grand Total: 54 creatures vanquished

Notes
Turn   | Place    | Note
-------+----------+-------------------------------------------
     0 | D:1      | tsouns the Deep Elf Cinder Acolyte began the quest for the
                  | Orb.
     0 | D:1      | Reached XP level 1. HP: 13/13 MP: 5/5
   287 | D:2      | Reached XP level 2. HP: 18/18 MP: 7/7
   293 | D:2      | Learned a level 2 spell: Scorch
   708 | D:1      | Reached XP level 3. HP: 15/22 MP: 1/9
  1106 | D:2      | Noticed Sigmund
  1112 | D:2      | Killed Sigmund
  1113 | D:2      | Reached skill level 5 in Spellcasting
  1113 | D:2      | Reached skill level 5 in Fire Magic
  1113 | D:2      | Reached XP level 4. HP: 22/27 MP: 10/13
  1113 | D:2      | Reached XP level 5. HP: 25/31 MP: 10/14
  1830 | D:2      | Slain by a gnoll

Illustrated notes

Levels and vault maps discovered:
D:1:      dpeg_arrival_simpleton_a, layout_loops_ring
D:2:      layout_rooms, minmay_hedge_maze, minmay_close_crescents, uniq_sigmund

Skill      XL: |  1  2  3 |
---------------+----------+-----
Spellcasting   | 2 3 5 |  5.3
Fire Magic     | 4 5 |  5.4
Fighting       | |  2.4
Long Blades    | |  2.6

Action                     |  1- 3 |  4- 6 || total
---------------------------+-------+-------++-------
  Melee: Falchion          |    35 |       ||    35
         Dagger            |     3 |     2 ||     5
   Cast: Scorch            |    17 |    18 ||    35
 Invoke: Foxfire Swarm     |     1 |       ||     1
         Fiery Armour      |     1 |       ||     1
 Armour: Robe              |    10 |     1 ||    11
  Dodge: Dodged            |    29 |     3 ||    32

Table legend: (Time is in decaauts)
 A = Elapsed time spent in this place.
 B = Non-inter-level travel time spent in this place.
 C = Inter-level travel time spent in this place.
 D = Time resting spent in this place.
 E = Time spent auto-exploring this place.
 F = Levels seen in this place.
 G = Mean time per level.
                   A        B        C        D        E       F      G
               +--------+--------+--------+--------+--------+-----+--------+
         Total |   1834 |   1754 |     80 |      0 |   1441 |   2 |  917.0 |
       Dungeon |   1834 |   1754 |     80 |      0 |   1441 |   2 |  917.0 |
               +--------+--------+--------+--------+--------+-----+--------+

Top non-repeatable levels by time:
     D:1: 1062 daAuts
     D:2: 772 daAuts
